 Dungeon Crawl Stone Soup version 0.29-a0-322-g68df515428 (webtiles) character file.

Game seed: 221626285303405366

164089 drugrobin the Severer (level 16, -11/152 HPs)
             Began as a Demigod Fighter on Apr 5, 2022.
             Killed from afar by Ilsuiw (35 damage)
             ... with a shard of ice
             ... on level 4 of the Shoals on Apr 6, 2022.
             The game lasted 02:10:54 (39752 turns).

drugrobin the Severer (Demigod Fighter)            Turns: 39752, Time: 02:10:54

Health: -11/152    AC: 20    Str: 35    XL:     16   Next: 70%
Magic:  19/19      EV:  5    Int: 21    God:
Gold:   2081       SH:  0    Dex: 13    Spells: 11/15 levels left

rFire   + . .      SeeInvis .   a - +4 broad axe (venom)
rCold   + + .      Faith    .   Q - +0 buckler {rC+}
rNeg    + . .      Spirit   .   P - +6 chain mail of Mordant Life {rPois rN+ Regen+ Stlth-}
rPois   +          Reflect  .   W - +0 hat {Int+3}
rElec   .          Harm     .   B - scarf {rC+ rF+}
rCorr   +          Rampage  .   D - +1 pair of gloves
Will    +....                   (no boots)
Stlth   ..........              y - amulet of regeneration
HPRegen 1.95/turn               v - ring of Xug Kub {rCorr Str+6}
MPRegen 0.16/turn               J - ring of flight

@: lethally poisoned (-11 -> -12), spiked, flying, held, studying Armour
A: high MP 1, forlorn, divine attributes
a: no special abilities


You were on level 4 of the Shoals.
You visited 6 branches of the dungeon, and saw 28 of its levels.
You also visited: Ice Cave.

You collected 2636 gold pieces.
You spent 555 gold pieces at shops.

Inventory:

Hand Weapons
 a - a +4 broad axe of venom (weapon)
 b - a +3 war axe of flaming
 q - a +4 executioner's axe of freezing
Missiles
 l - 29 poisoned darts
 m - 5 throwing nets
 N - 10 javelins (quivered)
Armour
 B - a scarf of resistance (worn)
 D - a +1 pair of gloves (worn)
 P - the +6 chain mail of Mordant Life (worn) {rPois rN+ Regen+ Stlth-}
   (You bought it in a shop on level 5 of the Dungeon)

   rPois:     It protects you from poison.
   rN:        It protects you from negative energy.
   Regen:     It increases your rate of health regeneration.
   Stlth:     It makes you less stealthy.
 Q - a +0 buckler of cold resistance (worn)
 W - a +0 hat of intelligence (worn)
Jewellery
 d - a ring of willpower
 f - a ring of protection from fire
 h - a ring of willpower
 j - a ring of resist corrosion
 v - the ring of Xug Kub (left hand) {rCorr Str+6}
   (You acquired it on level 8 of the Dungeon)

   [ring of strength]

   Str:       It affects your strength (+6).
   rCorr:     It protects you from acid and corrosion.
 y - an amulet of regeneration (around neck)
 C - a ring of fire
 J - a ring of flight (right hand)
 M - a ring of see invisible
Wands
 k - a wand of charming (6)
 n - a wand of polymorph (11)
 t - a wand of flame (23)
 w - a wand of acid (2)
 A - a wand of digging (13)
 E - a wand of mindburst (18)
 S - a wand of iceblast (18)
Scrolls
 i - a scroll of fear
 o - 16 scrolls of teleportation
 p - 7 scrolls of vulnerability
 r - 3 scrolls of identify
 s - 2 scrolls of blinking
 u - 2 scrolls of silence
 z - 2 scrolls of immolation
 G - 2 scrolls of torment
 H - 2 scrolls of magic mapping
 R - 3 scrolls of fog
Potions
 e - 6 potions of ambrosia
 x - 4 potions of haste
 F - 7 potions of curing
 I - 2 potions of heal wounds
 K - 4 potions of attraction
 O - 3 potions of cancellation
 T - a potion of invisibility
 U - a potion of lignification
 X - 4 potions of might
Miscellaneous
 c - a box of beasts
 g - a lightning rod (4/4)
 L - a piece from Xom's chessboard (15/15)
 V - a tin of tremorstones (1/2)


   Skills:
 + Level 16.3 Fighting
 - Level 18.0 Axes
 + Level 11.7 Armour
 - Level 2.6 Shields
 + Level 9.4 Earth Magic
 - Level 10.0 Evocations


You had 11 spell levels left.
You knew the following spells:

 Your Spells              Type           Power      Damage    Failure   Level
a - Animate Armour        Summ/Erth      38%        N/A       71%         4

Your spell library contained the following spells:

 Spells                   Type           Power      Damage    Failure   Level
 Animate Skeleton         Necr           0%         N/A       58%         1
 Apportation              Tloc           0%         N/A       58%         1
 Freeze                   Ice            0%         1d3       58%         1
 Magic Dart               Conj           0%         1d3       58%         1
 Pain                     Necr           0%         1d4       58%         1
 Slow                     Hex            0%         N/A       58%         1
 Summon Small Mammal      Summ           0%         N/A       58%         1
 Call Imp                 Summ           0%         N/A       73%         2
 Corpse Rot               Necr/Air       0%         N/A       73%         2
 Poisonous Vapours        Pois/Air       0%         N/A       73%         2
 Sublimation of Blood     Necr           0%         N/A       73%         2
 Wereblood                Tmut           0%         N/A       73%         2
 Confusing Touch          Hex            0%         N/A       91%         3
 Frozen Ramparts          Ice            0%         1d2       91%         3
 Mephitic Cloud           Conj/Pois/Air  0%         N/A       91%         3
 Summon Guardian Golem    Hex/Summ       0%         N/A       91%         3
 Vampiric Draining        Necr           0%         2d6       91%         3
 Cause Fear               Hex            0%         N/A       100%        4
 Hailstorm                Conj/Ice       0%         3d3       100%        4
 Summon Lightning Spire   Summ/Air       0%         N/A       100%        4
 Agony                    Necr           0%         N/A       100%        5
 Blade Hands              Tmut           0%         N/A       100%        5
 Excruciating Wounds      Necr           0%         N/A       100%        5
 Fireball                 Conj/Fire      0%         3d3       100%        5
 Summon Forest            Summ/Tloc      0%         N/A       100%        5
 Dispersal                Tloc           0%         N/A       100%        6
 Eringya's Noxious Bog    Tmut/Pois      0%         N/A       100%        6
 Iron Shot                Conj/Erth      9%         9d3       100%        6
 Starburst                Conj/Fire      0%         6d3       100%        6
 Summon Cactus Giant      Summ           0%         N/A       100%        6
 Dragon Form              Tmut           0%         N/A       100%        7
 Haunt                    Necr/Summ      0%         N/A       100%        7
 Storm Form               Tmut/Air       0%         N/A       100%        7
 Summon Hydra             Summ           0%         N/A       100%        7
 Disjunction              Tloc           0%         N/A       100%        8
 Ignition                 Fire           0%         3d3       100%        8
 Maxwell's Capacitive Co  Air            0%         ∞         100%        8
 Chain Lightning          Conj/Air       0%         N/A       100%        9
 Dragon's Call            Summ           0%         N/A       100%        9
 Fire Storm               Conj/Fire      0%         5d1       100%        9
 Shatter                  Erth           19%        3d18*     100%        9


Dungeon Overview and Level Annotations

Branches:
Dungeon (12/15)            Temple (0/1) D:5            Lair (6/6) D:10
 Shoals (4/4) Lair:3       Spider (3/4) Lair:4        Slime (0/5) Lair:6
    Orc (2/2) D:12            Elf (1/3) Orc:2         IceCv (visited)

Shops:
D:5 [   Orc:1 (!(   Orc:2 [!*:   Shoals:2 =

Annotations:
D:3 1 runed translucent door, Crazy Yiuf
D:12 Rupert
Lair:5 3 runed translucent doors, exclusion: oklob plant, Keloch's ghost, journeyman HuFi; Mysukhlell's ghost, journeyman DrTm; Usoal Hoge's ghost, journeyman DjIE
Shoals:4 Ilsuiw


Innate Abilities, Weirdness & Mutations

You have an increased reservoir of magic. (+10% MP)
You shall have no god before yourself.
Your divine heritage dramatically boosts your attributes as you level up.


Message History

The merfolk javelineer hits you but does no damage.
The merfolk aquamancer gestures wildly while chanting.
The merfolk aquamancer blinks!
A bog body comes into view.
The merfolk javelineer throws a javelin.
The javelin pierces through you but does no damage.
The merfolk impaler looks rattled.
The merfolk siren begs for mercy.
The merfolk completely misses you.
The merfolk aquamancer casts a spell.
The merfolk aquamancer blinks!
The manticore flicks its tail.
The volley of spikes hits you!!
The barbed spikes become lodged in your body.
* * * LOW HITPOINT WARNING * * *
Unknown command.
Unknown command.
Unknown command.
Unknown command.
Unknown command.
Unknown command.
Okay, then.
Unknown command.
As you read the scroll of fear, it crumbles to dust.
You assume a fearsome visage.
The snapping turtle looks frightened!
The merfolk impaler looks frightened!
The manticore resists with some effort.
The merfolk javelineer looks frightened!
Ilsuiw resists with some effort.
The merfolk javelineer looks frightened!
The merfolk looks frightened!
The wind drake looks frightened!
The sea snake looks frightened!
The alligator snapping turtle looks frightened!
The bog body is unaffected.
The merfolk looks frightened! x2
The merfolk siren looks frightened!
The water nymph resists with some effort.
You feel sick.
The snapping turtle seems to regain its courage.
Ilsuiw casts a spell at you. The shard of ice hits you!! You partially resist.
You die...

#≈≈.......P≈≈≈≈≈≈≈≈≈..≈≈#.#..
###≈.........§n≈≈≈≈≈≈#######..
##≈≈≈.........≈≈≈≈≈≈##≈≈≈#..##≈
≈≈≈≈≈≈....t...≈≈≈≈≈≈##≈≈≈≈...##
≈≈≈≈≈≈....P...≈≈≈≈≈≈≈##≈#≈#..#≈
≈≈≈≈≈≈.........P≈≈≈≈###≈≈}≈≈###
≈≈≈≈≈≈.....m........≈##≈#≈#≈##≈
....P..)...m.†≈≈...m##≈≈≈≈≈≈≈##
.........t..)≈@m..S.##≈≈≈≈#≈###
.........m..§)≈≈......#######..
.......#.H.....m.....≈≈###≈##.≈
.......##.Ptm.m.....≈≈≈..≈≈≈≈≈≈
.........P..m......≈≈≈≈≈≈≈≈≈≈≈≈
......)P.≈m.P...m.≈≈≈m≈≈≈≈≈≈≈≈≈
........m≈≈≈.......≈≈≈)).≈≈≈≈≈≈
.......k≈P≈≈.≈P..k..≈m≈...≈≈≈≈≈
....≈≈≈≈≈≈≈P≈≈≈≈......<..≈≈≈≈


You could see Ilsuiw, an alligator snapping turtle (fleeing), 3 merfolk
impalers, 2 merfolk javelineers, a sea snake (fleeing), a merfolk aquamancer
(fleeing), 2 snapping turtles, 2 wind drakes, 4 merfolk, a manticore, 2 merfolk
sirens, a water nymph and a bog body.

Vanquished Creatures
  Jorgrun (Spider:2)
  Gastronok (D:8)
  Agnes (Spider:2)
  Donald (Orc:2)
  An orc warlord (Orc:1)
  A frost giant (IceCv)
  3 ghost moths
  A stone giant (D:11)
  An entropy weaver (Spider:1)
  A deep elf demonologist (Elf:1)
  2 spark wasps
  A merfolk javelineer (Shoals:3)
  A fire dragon (Lair:6)
  4 merfolk impalers
  5 hydras
  2 boulder beetles
  Erolcha (D:9)
  A merfolk avatar (Shoals:2)
  2 centaur warriors
  2 alligator snapping turtles
  5 dancing weapons
  4 two-headed ogres
  11 death yaks
  2 tengu warriors (D:11)
  A hell knight (D:11)
  Sonja (Lair:2)
  3 deep elf knights
  3 orc high priests (Orc:2)
  2 pharaoh ants
  Amaemon (D:10)
  4 orb spiders
  9 sea snakes
  A bog body (Shoals:4)
  3 steelbarb worms
  Pikel (D:8)
  A lindwurm (Lair:6)
  A deep elf archer (Elf:1)
  6 orc knights
  5 deep elf pyromancers
  15 harpies
  9 deep elf zephyrmancers
  4 orc sorcerers (Orc:2)
  7 fauns
  The ghost of hellse the Cleaver, a novice DsGl of Qazlal (D:6)
  4 cyclopes
  A faun (shapeshifter) (Elf:1)
  7 manticores
  9 wolf spiders
  A moth of wrath (Spider:1)
  7 merfolk sirens
  15 elephants
  An ice statue (IceCv)
  3 molten gargoyles (Lair:6)
  9 black mambas
  2 gargoyles
  4 water nymphs
  3 torpor snails
  16 cane toads
  2 kobold demonologists
  3 demonic crawlers
  2 unseen horrors (D:11)
  13 komodo dragons
  10 rime drakes
  3 meliai (Spider:1)
  30 merfolk
  6 polar bears
  4 trolls
  9 tarantellas
  14 blink frogs
  6 wind drakes
  Prince Ribbit (D:9)
  5 dream sheep (Lair:3)
  12 snapping turtles
  16 jumping spiders
  9 culicivoras
  An air elemental (Orc:2)
  A centaur simulacrum (D:11)
  A wraith (D:11)
  58 yaks
  A shadow (D:11)
  A vampire (D:12)
  6 wyverns
  9 water elementals
  2 basilisks (Lair:4)
  Grum (D:8)
  64 redbacks
  A vampire mosquito (D:11)
  2 steam dragons
  2 wargs
  4 hell hounds (Lair:6)
  12 water moccasins
  An acid dragon (D:11)
  2 ice beasts
  2 sky beasts
  3 black bears
  34 orc warriors
  32 wolves
  7 ogres
  12 centaurs
  A lemure (D:8)
  2 kobold brigands
  18 bullfrogs
  A necrophage (D:4)
  5 wights (D:8)
  7 scorpions
  18 killer bees
  A troll skeleton (D:9)
  6 spriggan skeletons (D:9)
  4 electric eels
  2 howler monkeys
  3 lava snakes (Lair:6)
  8 hounds
  3 gnoll shamans
  26 orc priests
  2 jellies
  An iguana (D:6)
  Ijyb (D:3)
  Terence (D:2)
  Natasha (thrice) (D:2)
  35 orc wizards
  20 gnolls
  6 adders
  12 white imps (D:11)
  2 ufetubi (D:5)
  2 worms
  2 dart slugs
  102 orcs
  5 ball pythons
  8 endoplasms
  2 giant cockroaches
  4 goblins
  5 hobgoblins
  2 jackals (D:2)
  2 quokkas
  3 training dummies (Orc:1)
  4 bats
  4 frilled lizards
  9 kobolds
  2 rats
963 creatures vanquished.

Vanquished Creatures (others)
  A merfolk aquamancer (Shoals:2)
  A blink frog (Lair:6)
  A bat (D:3)
  40 fungi
  143 plants
186 creatures vanquished.

Grand Total: 1149 creatures vanquished

Notes
Turn   | Place    | Note
-------+----------+-------------------------------------------
     0 | D:1      | drugrobin the Demigod Fighter began the quest for the Orb.
     0 | D:1      | Reached XP level 1. HP: 18/18 MP: 3/3
     0 | D:1      | Upgraded the game from 0.29-a0-321-gf1c400731a to
                  | 0.29-a0-322-g68df515428
    77 | D:1      | Reached skill level 2 in Axes
   844 | D:1      | Reached XP level 2. HP: 22/25 MP: 4/4
  1012 | D:2      | Noticed Natasha
  1020 | D:2      | Killed Natasha
  1020 | D:2      | Noticed Natasha
  1021 | D:2      | Reached XP level 3. HP: 23/31 MP: 5/5
  1096 | D:2      | Killed Natasha
  1097 | D:2      | Reached skill level 3 in Axes
  1126 | D:2      | You fall into a shaft and drop 1 floor!
  1157 | D:3      | Reached XP level 4. HP: 13/38 MP: 6/6
  1793 | D:2      | Noticed Natasha
  1809 | D:2      | Killed Natasha
  1922 | D:2      | Reached skill level 4 in Axes
  2007 | D:2      | Noticed Terence
  2041 | D:2      | Killed Terence
  2042 | D:2      | Reached XP level 5. HP: 46/46 MP: 7/7
  2827 | D:3      | Noticed Ijyb
  2871 | D:3      | Killed Ijyb
  3154 | D:3      | Found a runed translucent door.
  3155 | D:3      | Noticed Crazy Yiuf
  3243 | D:3      | Reached skill level 5 in Axes
  3559 | D:4      | Reached XP level 6. HP: 38/52 MP: 8/8
  3870 | D:4      | Reached skill level 6 in Axes
  3870 | D:4      | Reached XP level 7. HP: 60/60 MP: 9/9
  3916 | D:4      | Reached skill level 5 in Fighting
  4134 | D:5      | Entered Level 5 of the Dungeon
  4197 | D:5      | Reached skill level 7 in Axes
  4854 | D:5      | Reached XP level 8. HP: 69/70 MP: 10/10
  5037 | D:5      | Found a staircase to the Ecumenical Temple.
  5099 | D:5      | Reached skill level 8 in Axes
  5136 | D:5      | Found Gitury's Armour Shoppe.
  5497 | D:6      | Found a runed translucent door.
  6244 | D:6      | Noticed hellse's ghost (novice DsGl)
  6324 | D:6      | Reached skill level 9 in Axes
  6990 | D:7      | Reached XP level 9. HP: 41/79 MP: 11/11
  7742 | D:7      | Identified the +3 ring mail "Pimuqam" {rC+++}
  8055 | D:8      | Reached skill level 10 in Axes
  8095 | D:8      | Identified a scroll of acquirement
  8096 | D:8      | Acquired the ring of Xug Kub {rCorr Str+6}
  8336 | D:8      | Noticed Pikel
  8345 | D:8      | Killed Pikel
  8400 | D:8      | Noticed a gargoyle
  8489 | D:8      | Noticed Gastronok
  8574 | D:8      | Noticed Grum
  8711 | D:9      | Noticed a two-headed ogre
  8723 | D:9      | Killed a two-headed ogre
  8724 | D:9      | Reached skill level 11 in Axes
  8798 | D:9      | Noticed Erolcha
  8804 | D:9      | Noticed Amaemon
  9240 | D:8      | Killed a gargoyle
  9241 | D:8      | Reached XP level 10. HP: 64/90 MP: 13/13
  9403 | D:8      | Killed Grum
 10212 | D:5      | Bought the +6 chain mail of Mordant Life {rPois rN+ Regen+
                  | Stlth-} for 485 gold pieces
 10316 | D:6      | Killed hellse's ghost
 10317 | D:6      | Reached skill level 12 in Axes
 10910 | D:10     | Entered Level 10 of the Dungeon
 11403 | D:10     | Found a staircase to the Lair.
 11571 | D:9      | Noticed a two-headed ogre
 11581 | D:9      | Killed a two-headed ogre
 12013 | D:11     | Found a frozen archway.
 12034 | IceCv    | Entered an ice cave
 12047 | IceCv    | Reached skill level 13 in Axes
 12356 | IceCv    | Reached XP level 11. HP: 75/99 MP: 14/14
 12411 | IceCv    | Noticed a death yak
 12426 | IceCv    | Killed a death yak
 12427 | IceCv    | Reached skill level 10 in Fighting
 12625 | IceCv    | Noticed a death yak
 12647 | IceCv    | Noticed a death yak
 12671 | IceCv    | Killed a death yak
 12679 | IceCv    | Killed a death yak
 13062 | IceCv    | Noticed a death yak
 13102 | IceCv    | Reached skill level 14 in Axes
 13103 | IceCv    | Killed a death yak
 13206 | IceCv    | Noticed a death yak
 13608 | IceCv    | Noticed a death yak
 13608 | IceCv    | Noticed a frost giant
 13608 | IceCv    | Noticed a death yak
 13647 | IceCv    | Killed a frost giant
 13688 | IceCv    | Noticed a death yak
 13723 | IceCv    | Killed a death yak
 13765 | IceCv    | Killed a death yak
 13908 | IceCv    | Killed a death yak
 13909 | IceCv    | Reached skill level 15 in Axes
 13964 | IceCv    | Killed a death yak
 14359 | D:11     | Noticed a tengu warrior
 14388 | D:11     | Killed a tengu warrior
 14389 | D:11     | Reached XP level 12. HP: 63/110 MP: 15/15
 14650 | D:11     | Noticed a two-headed ogre
 14724 | D:10     | Killed a two-headed ogre
 14820 | D:11     | Found a runed translucent door.
 14998 | D:11     | Noticed a two-headed ogre
 15011 | D:11     | Killed a two-headed ogre
 15101 | D:11     | Reached skill level 1 in Evocations
 15419 | D:9      | Noticed Prince Ribbit
 15452 | D:10     | Killed Amaemon
 15639 | D:9      | Killed Prince Ribbit
 15795 | D:8      | Killed Gastronok
 15796 | D:8      | Reached skill level 16 in Axes
 15921 | Lair:1   | Entered Level 1 of the Lair of Beasts
 16362 | Lair:1   | Noticed a seven-headed hydra
 16375 | Lair:1   | Killed a one-headed hydra
 16922 | Lair:2   | Noticed Sonja
 16924 | Lair:2   | Killed Sonja
 17562 | Lair:3   | Noticed a seven-headed hydra
 17662 | Lair:3   | Reached XP level 13. HP: 58/119 MP: 16/16
 18017 | Lair:3   | Reached skill level 17 in Axes
 18126 | Lair:3   | Identified the +5 hand axe of Vanity {vorpal, rF- Str+2
                  | Stlth+}
 18787 | Lair:3   | Found a staircase to the Shoals.
 18994 | Lair:4   | Reached skill level 5 in Evocations
 19013 | Lair:4   | Found a hole to the Spider Nest.
 19082 | Lair:4   | You fall into a shaft and drop 1 floor!
 19412 | Lair:5   | Found a runed translucent gate.
 21269 | Lair:5   | Found a runed translucent gate.
 21269 | Lair:5   | Found a runed translucent gate.
 21270 | Lair:5   | Noticed Mysukhlell's ghost (journeyman DrTm)
 21271 | Lair:5   | Noticed Usoal Hoge's ghost (journeyman DjIE)
 21271 | Lair:5   | Noticed Keloch's ghost (journeyman HuFi)
 21484 | Lair:6   | Entered Level 6 of the Lair of Beasts
 21616 | Lair:6   | Found a staircase to the Slime Pits.
 21941 | Lair:6   | Reached skill level 18 in Axes
 21941 | Lair:6   | Reached XP level 14. HP: 120/129 MP: 17/17
 22803 | Lair:6   | Reached skill level 5 in Armour
 22931 | Lair:6   | Found a large runed translucent door.
 22932 | Lair:6   | Found a large runed translucent door.
 23157 | Lair:6   | Learned a level 4 spell: Animate Armour
 23912 | D:11     | Reached skill level 1 in Earth Magic
 24149 | D:11     | Identified the +5 dagger "Ocrouhirph" {pain, rC+ Str+4}
 24373 | D:12     | Noticed Rupert
 24762 | D:12     | Found a staircase to the Orcish Mines.
 24771 | Orc:1    | Entered Level 1 of the Orcish Mines
 25090 | D:9      | Killed Erolcha
 25417 | Orc:1    | Found Bypa's Firing Range.
 25573 | Orc:1    | Found Adgheeg's Distillery.
 25638 | Orc:1    | Bought a potion of berserk rage for 70 gold pieces
 25705 | Orc:1    | Found Yrphus's Antique Weapon Shoppe.
 26036 | Orc:2    | Entered Level 2 of the Orcish Mines
 26038 | Orc:2    | Noticed an orc warlord
 26167 | Orc:1    | Killed an orc warlord
 26762 | Orc:2    | Found a staircase to the Elven Halls.
 26825 | Orc:2    | Noticed Donald
 26850 | Orc:2    | Killed Donald
 27821 | Orc:2    | Found Oclucky's Book Emporium.
 27821 | Orc:2    | Found Oguiqat's Armour Emporium.
 27822 | Orc:2    | Found Faskoev's General Store.
 27822 | Orc:2    | Found Ubafiste's Distillery.
 27934 | Elf:1    | Entered Level 1 of the Elven Halls
 27940 | Elf:1    | Paralysed by an air elemental for 1 turns
 27944 | Orc:2    | Paralysed by an air elemental for 1 turns
 28288 | Elf:1    | Reached XP level 15. HP: 138/139 MP: 18/18
 28393 | Elf:1    | Got Asmodeus's Papyrus of Creation
 28453 | Elf:1    | Acquired a +4 executioner's axe of freezing
 29204 | Elf:1    | Reached skill level 5 in Earth Magic
 29466 | Spider:1 | Entered Level 1 of the Spider Nest
 30735 | Spider:1 | HP: 6/139 [redback (9)]
 31383 | Spider:1 | Reached skill level 15 in Fighting
 31731 | Shoals:1 | Entered Level 1 of the Shoals
 31804 | Shoals:1 | Reached skill level 10 in Evocations
 33150 | Shoals:1 | HP: 4/141 [merfolk/+0 trident (12)]
 33158 | Shoals:1 | HP: 3/141 [merfolk/+0 trident (16)]
 33703 | Shoals:2 | HP: 2/141 [alligator snapping turtle (34)]
 34183 | Shoals:2 | Found Baiceec's One-of-a-Kind Rings.
 34709 | Shoals:3 | Reached XP level 16. HP: 149/149 MP: 19/19
 35527 | Spider:2 | Noticed Agnes
 35541 | Spider:2 | Killed Agnes
 36203 | Spider:2 | Reached skill level 10 in Armour
 36368 | Spider:2 | Acquired a manual of Armour
 36406 | Spider:2 | Noticed Jorgrun
 36442 | Spider:2 | Killed Jorgrun
 37660 | Shoals:4 | Entered Level 4 of the Shoals
 39560 | Shoals:4 | Noticed Ilsuiw
 39752 | Shoals:4 | Killed from afar by Ilsuiw

Illustrated notes

Levels and vault maps discovered:
D:1:      shiori_shiawase, layout_basic, hellmonk_ecumenical_altar_inner_sanctum
D:2:      layout_rooms, serial_bayou, serial_bayou_pond_c, serial_bayou_shore_a,
          serial_bayou_pond_c, serial_bayou_crossing, serial_bayou_shore_b,
          uniq_natasha, uniq_terence
D:3:      layout_basic, kennysheep_potato, uniq_crazy_yiuf_cottage, uniq_ijyb
D:4:      layout_cave_pools, mainiacjoe_overflow_cross_hatched
D:5:      layout_basic, mainiacjoe_overflow_concentric_impassable,
          mainiacjoe_overflow_chevrons, minmay_temple_entry_grid, serial_shops,
          shop, minmay_misc_feat_x, due_unseen_surprise
D:6:      layout_basic, ebering_ghost_sewer_d
D:7:      layout_basic, nicolae_uskayaw_dance_hall, okawaru_altar_gauntlet_db
D:8:      layout_gridville, minmay_quadrilaterals, uniq_grum, uniq_gastronok,
          uniq_pikel
D:9:      layout_roguey, grunt_decor_one_mirror, hangedman_tell_no_tales,
          uniq_prince_ribbit1, uniq_erolcha, uniq_amaemon
D:10:     layout_basic, elyvilon_altar_4, dpeg_oklobed_lair,
          minmay_misc_feat_tiny
D:11:     minmay_opposing_rooms, layout_long_grid, portal_ice_cave_entry_imps,
          hangedman_decor_lopped, minivault_13
D:12:     layout_small_grid, david_orc_3, hangedman_abyss_or_decor_passed,
          uniq_rupert
Lair:1:   layout_chaotic_city, chequers_serial_rivers_large_a
Lair:2:   layout_misc_corridors, uniq_sonja
Lair:3:   layout_cave_pods, elwin_shoals_entry_rooms, grunt_megastairs_4
Lair:4:   layout_small_grid, spider_nest_entry_webs, beast_lair_carwin_8,
          infiniplex_staircase_pool
Lair:5:   layout_gridlike, gammafunk_ghost_cemetery, serial_bayou_shore_b
Lair:6:   cheibrodos_lair_end_hotspot, layout_misc_corridors,
          nicolae_slime_entry_slimehenge
Shoals:1: layout_shoals
Shoals:2: layout_shoals, nicolae_shop_unique_rings, lemuel_centaur_altar
Shoals:3: layout_shoals
Shoals:4: shoals_end_grunt_ice, layout_shoals, shoal_ilsuiw, serial_shops,
          nicolae_shop_trees, nicolae_shoals_secluded_bog
Spider:1: layout_spider_delve, nicolae_spider_baby_got_redback
Spider:2: layout_cave_pods, drop_trap, nicolae_spider_not_touching_you,
          uniq_jorgrun, uniq_agnes
Spider:3: nicolae_spider_mines_2, nicolae_spider_bug_shape
Orc:1:    layout_diamond_mine, serial_shops, nicolae_shop_stone, shop_fountains,
          nicolae_orc_flooded_monolith, nicolae_shop_firing_range
Orc:2:    st_orc_elflike, layout_diamond_mine, basic_altar, uniq_donald
Elf:1:    layout_loops_cross, minmay_elf_demonology

Skill      XL: |  1  2  3  4  5  6  7  8  9 10 11 12 13 14 15 16 |
---------------+-------------------------------------------------+-----
Axes           | 2 3 4 5 6 7 9 11 13 15 16 18 | 18.0
Fighting       | 3 4 5 7 8 9 11 12 13 14 15 16 | 16.3
Evocations     | 3 6 8 10 | 10.0
Armour         | 3 7 9 11 | 11.7
Earth Magic    | 4 7 9 |  9.4
Shields        | |  2.6

Action                   |  1- 3 |  4- 6 |  7- 9 | 10-12 | 13-15 | 16-18 || total
-------------------------+-------+-------+-------+-------+-------+-------++-------
Melee: War axe           |    48 |   192 |   389 |   622 |   809 |       ||  2060
       Hand axe          |       |       |       |    62 |     6 |       ||    68
       Demon whip        |       |       |       |    82 |    79 |       ||   161
       Broad axe         |       |       |       |       |   923 |   476 ||  1399
Throw: Dart              |    10 |     4 |    26 |    38 |     6 |     1 ||    85
       Throwing net      |       |       |     1 |     3 |     1 |       ||     5
       Javelin           |       |       |       |     8 |     2 |       ||    10
Evoke: Wand              |       |     4 |     5 |     4 |    12 |     1 ||    26
       Piece from Xom's  |       |       |       |    10 |     6 |       ||    16
       Box of beasts     |       |       |       |       |       |     1 ||     1
       Tin of tremorston |       |       |       |       |       |     1 ||     1
  Use: Scroll            |       |     8 |     5 |     4 |    23 |     4 ||    44
       Potion            |       |     1 |       |     1 |    10 |     2 ||    14
 Stab: Held in net/web   |       |       |     1 |     4 |     1 |       ||     6
       Petrified         |       |       |       |       |     6 |       ||     6
       Invisible         |       |       |       |       |       |     5 ||     5
Armor: Scale mail        |    18 |    20 |       |       |       |       ||    38
       Chain mail        |       |    86 |   240 |   419 |   903 |   291 ||  1939
       Ring mail         |       |       |       |    35 |       |       ||    35
Dodge: Dodged            |    21 |    66 |   122 |   277 |   472 |   212 ||  1170
Block: Buckler           |    13 |    48 |    91 |   143 |   304 |    86 ||   685

Table legend: (Time is in decaauts)
 A = Elapsed time spent in this place.
 B = Non-inter-level travel time spent in this place.
 C = Inter-level travel time spent in this place.
 D = Time resting spent in this place.
 E = Time spent auto-exploring this place.
 F = Levels seen in this place.
 G = Mean time per level.
                   A        B        C        D        E       F      G
               +--------+--------+--------+--------+--------+-----+--------+
         Total |  39357 |  36864 |   2493 |   9447 |  14151 |  29 | 1357.1 |
       Dungeon |  15807 |  14587 |   1220 |   3515 |   5439 |  12 | 1317.2 |
          Lair |   7867 |   7072 |    795 |    984 |   3822 |   6 | 1311.2 |
        Shoals |   5422 |   5195 |    227 |   1516 |   1989 |   4 | 1355.5 |
   Spider Nest |   4089 |   3918 |    171 |   1379 |   1358 |   3 | 1363.0 |
  Orcish Mines |   3071 |   2994 |     77 |   1138 |    887 |   2 | 1535.5 |
   Elven Halls |    847 |    846 |      1 |    224 |    256 |   1 |  847.0 |
      Ice Cave |   2250 |   2250 |      0 |    688 |    399 |   1 | 2250.0 |
               +--------+--------+--------+--------+--------+-----+--------+

Top non-repeatable levels by time:
   IceCv: 2250 daAuts
     D:8: 2081 daAuts
Spider:1: 1995 daAuts
   Orc:2: 1956 daAuts
Shoals:3: 1881 daAuts
Spider:2: 1877 daAuts
    D:11: 1874 daAuts
     D:7: 1844 daAuts
  Lair:6: 1652 daAuts
Shoals:1: 1621 daAuts
  Lair:3: 1560 daAuts
     D:3: 1559 daAuts
     D:5: 1540 daAuts
    D:10: 1527 daAuts
  Lair:4: 1469 daAuts
